 Dungeon Crawl Stone Soup version 0.26.1-11-gd32895ea62 (webtiles) character file.

Game seed: 5661903108252504645

14401 jlumianski the Thaumaturge (level 12, -1/84 HPs)
             Began as a Gnoll Warper on July 13, 2021.
             Was a Believer of Qazlal.
             Slain by a death knight
             ... wielding a +3 morningstar
              (15 damage)
             ... on level 12 of the Dungeon on July 15, 2021.
             The game lasted 01:06:09 (12847 turns).

jlumianski the Thaumaturge (Gnoll Warper)          Turns: 12847, Time: 01:06:10

Health: -1/84      AC: 19    Str: 13    XL:     12   Next: 16%
Magic:  0/24       EV: 16    Int: 21    God:    Qazlal [**....]
Gold:   1432       SH:  3    Dex: 15    Spells: 23/28 levels left

rFire    + + +     SeeInvis .   B - +5 quarterstaff (chaos)
rCold    x . .     Faith    .   (shield currently unavailable)
rNeg     . . .     Spirit   +   V - +3 ring mail
rPois    .         Reflect  .   (no helmet)
rElec    .         Harm     .   o - +2 cloak {rCorr}
rCorr    +         Rampage  .   u - +2 pair of gloves
Will     .....     Clarity  +   m - +2 pair of boots
Stlth    ++........             y - amulet of guardian spirit
HPRegen  0.24/turn              R - ring of protection from fire
MPRegen  0.19/turn              p - ring of fire

@: no status effects
A: distributed training, fangs 1, clarity, fire resistance 1, frail 1, wild
magic 1, strong nose
a: Renounce Religion, Upheaval


You were on level 12 of the Dungeon.
You worshipped Qazlal.
Qazlal was pleased with you.
You visited 2 branches of the dungeon, and saw 13 of its levels.

You collected 1514 gold pieces.
You spent 82 gold pieces at shops.

Inventory:

Hand Weapons
 B - a +5 quarterstaff of chaos (weapon)
Missiles
 e - 5 boomerangs of dispersal
 v - 13 boomerangs (quivered)
 K - 8 poisoned darts
 Y - 8 silver boomerangs
Armour
 m - a +2 pair of boots (worn)
 o - a +2 cloak of preservation (worn)
 u - a +2 pair of gloves (worn)
 V - a +3 ring mail (worn)
Jewellery
 n - an uncursed ring of poison resistance
 p - a ring of fire (right hand)
 s - an uncursed ring of magical power
 y - an amulet of guardian spirit (around neck)
 R - a ring of protection from fire (left hand)
 U - an uncursed ring of resist corrosion
 Z - an uncursed ring of magical power
Wands
 b - a wand of acid (4)
 L - a wand of iceblast (12)
 S - a wand of polymorph (29)
Scrolls
 d - 3 scrolls of blinking
 f - 10 scrolls of identify
 h - 8 scrolls of remove curse
 l - 6 scrolls of teleportation
 G - 2 scrolls of magic mapping
 P - 3 scrolls of fear
Potions
 t - 3 potions of curing
 A - a potion of cancellation {unknown}
 D - a potion of magic
 E - a potion of heal wounds
 I - a potion of haste
 M - a potion of ambrosia {unknown}
Miscellaneous
 a - a lightning rod (3/4)


   Skills:
 + Level 8.5 Fighting
 + Level 7.0 Short Blades
 + Level 7.0 Long Blades
 + Level 8.5 Axes
 + Level 7.0 Maces & Flails
 + Level 7.0 Polearms
 + Level 7.0 Staves
 + Level 7.0 Slings
 + Level 7.0 Bows
 + Level 7.0 Crossbows
 + Level 7.5 Throwing
 + Level 7.5 Armour
 + Level 8.5 Dodging
 + Level 7.0 Stealth
 + Level 7.0 Shields
 + Level 7.0 Unarmed Combat
 + Level 8.7 Spellcasting
 + Level 5.8 Conjurations
 + Level 5.8 Hexes
 + Level 5.8 Summonings
 + Level 5.8 Necromancy
 + Level 8.1 Translocations
 + Level 5.8 Transmutations
 + Level 5.8 Fire Magic
 + Level 5.8 Ice Magic
 + Level 5.8 Air Magic
 + Level 5.8 Earth Magic
 + Level 5.8 Poison Magic
 + Level 7.7 Invocations
 + Level 7.0 Evocations


You had 23 spell levels left.
You knew the following spells:

 Your Spells              Type           Power        Failure   Level
a - Blink                 Tloc           N/A          1%          2
b - Gell's Gravitas       Tloc           27%          3%          3

Your spell library contained the following spells:

 Spells                   Type           Power        Failure   Level
 Sandblast                Erth           86%          2%          1
 Passwall                 Tmut/Erth      35%          3%          2
 Lesser Beckoning         Tloc           27%          3%          3
 Teleport Other           Tloc           54%          3%          3
 Stone Arrow              Conj/Erth      86%          6%          3
 Passage of Golubria      Tloc           N/A          8%          4
 Petrify                  Tmut/Erth      43%          19%         4
 Lee's Rapid Deconstruct  Erth           21%          43%         5


Dungeon Overview and Level Annotations

Branches:
Dungeon (12/15)            Temple (1/1) D:7            Lair (0/6) D:11
    Orc (0/2) D:10

Altars:
Cheibriados
Dithmenos
Elyvilon
Fedhas
Nemelex Xobeh
Okawaru
Qazlal
Ru
Sif Muna
Trog
Vehumet
Xom
Yredelemnul
The Shining One

Shops:
D:4 ?


Innate Abilities, Weirdness & Mutations

Your experience applies equally to all skills.
You have very sharp teeth.
Your uncanny sense of smell can sniff out nearby items.
You possess an exceptional clarity of mind.
Your flesh is heat resistant. (rF+)
You are frail. (-10% HP)
Your spells are a little harder to cast, but a little more powerful.


Message History

Press: ? - help, Shift-Dir - straight line, f/p - death knight
Aim: a death knight, wielding a +3 morningstar and wearing a +0 plate armour (heavily wounded)
The mass of ice explodes!
The iceblast engulfs the death knight!
The death knight is heavily wounded.
You hit the death knight.
The death knight is poisoned.
You bite the death knight, but do no damage.
The death knight is heavily wounded.
The death knight invokes the aid of Yredelemnul against you.
Your body is wracked with pain!
* * * LOW HITPOINT WARNING * * *
You sock the death knight! You drain the death knight.
Your bite misses the death knight.
The death knight is almost dead.
The death knight invokes the aid of Yredelemnul against you.
Your body is wracked with pain!
* * * LOW HITPOINT WARNING * * *
You barely miss the death knight.
The death knight is almost dead.
The death knight hits you with a +3 morningstar!
You die...

#....<.......,,,,*,,,,,,*
##.....######*****,******
*#.....#### *,*
...$.....<# #.*
##.....##.#### #.***##*
*#...........#####.##...*
*######......(........#,*
* #.####.#####..#,,,* *
#......§§p@...#*,**
#..≈≈(§≈≈≈☼≈..#*,*
##.≈#######≈..#*,*
#.≈#>,∆,∩#≈.##*,*
#.≈#,,,,,#≈.# *,*
#.≈##+++##≈$###,*
##.≈≈≈≈≈≈≈≈≈...#.*
####..≈≈≈≈≈≈≈≈≈.....*****
#................#..,,,,**


You could see a death knight (very poisoned, drained).

Vanquished Creatures
  4 two-headed ogres
  Pikel (D:6)
  An ugly thing (D:11)
  A cyclops (D:12)
  2 oklob plants (D:10)
  Maurice (D:10)
  2 centaur zombies (D:11)
  3 centaur skeletons
  Maggie (D:7)
  2 trolls (D:11)
  13 yaks
  Edmund (D:6)
  4 vampire mosquitoes
  4 water moccasins
  3 ice beasts
  A necrophage (D:11)
  2 orc warriors
  A phantom (D:11)
  4 sky beasts
  2 black bears
  A centaur (D:6)
  5 ogres
  Blork the orc (D:5)
  A big kobold (D:7)
  3 bullfrogs
  10 scorpions
  6 killer bees
  5 wights
  3 howler monkeys
  A crimson imp (D:7)
  A bullfrog zombie (D:12)
  A quasit (D:9)
  2 jellies
  6 orc priests
  5 hounds
  Crazy Yiuf (D:2)
  8 orc wizards
  Jessica (D:2)
  Terence (D:3)
  7 worker ants
  Ijyb (D:5)
  An iguana (D:4)
  2 hound skeletons
  A worker ant zombie (D:9)
  11 adders
  8 gnolls
  2 shadow imps (D:9)
  2 white imps
  An ufetubus (D:7)
  An ooze (D:7)
  An adder zombie (D:5)
  2 adder skeletons
  A worm (D:2)
  2 dart slugs
  9 leopard geckos
  29 orcs
  8 bats
  9 giant cockroaches
  8 goblins
  9 hobgoblins
  7 jackals
  4 quokkas
  A ball python (D:3)
  5 frilled lizards
  8 kobolds
  A leopard gecko zombie (D:7)
  A quokka skeleton (D:4)
  8 rats
265 creatures vanquished.

Vanquished Creatures (others)
  13 fungi (D:10)
13 creatures vanquished.

Grand Total: 278 creatures vanquished

Notes
Turn   | Place    | Note
-------+----------+-------------------------------------------
     0 | D:1      | jlumianski the Gnoll Warper began the quest for the Orb.
     0 | D:1      | Reached XP level 1. HP: 20/20 MP: 6/6
     0 | D:1      | Noticed a shadow dragon
     1 | D:1      | Noticed a tentacled monstrosity
     1 | D:1      | Noticed an iron dragon
     3 | D:1      | Noticed a large abomination
     3 | D:1      | Noticed an ice dragon
     6 | D:1      | Noticed a large abomination
    11 | D:1      | Noticed a tentacled monstrosity
    13 | D:1      | Noticed a shadow dragon
    14 | D:1      | Noticed an orb of fire
    16 | D:1      | Noticed an iron dragon
    16 | D:1      | Noticed a tentacled monstrosity
    18 | D:1      | Noticed a shadow dragon
    18 | D:1      | Noticed a tentacled monstrosity
   210 | D:1      | Reached XP level 2. HP: 26/26 MP: 7/7
   623 | D:1      | Reached XP level 3. HP: 30/31 MP: 9/9
   626 | D:1      | Learned a level 2 spell: Blink
   630 | D:1      | Learned a level 3 spell: Gell's Gravitas
   780 | D:1      | Reached skill level 5 in Spellcasting
   951 | D:2      | Noticed Jessica
   989 | D:2      | Killed Jessica
   990 | D:2      | Reached skill level 1 in Short Blades
   990 | D:2      | Reached skill level 1 in Long Blades
   990 | D:2      | Reached skill level 1 in Maces & Flails
   990 | D:2      | Reached skill level 1 in Polearms
   990 | D:2      | Reached skill level 1 in Staves
   990 | D:2      | Reached skill level 1 in Slings
   990 | D:2      | Reached skill level 1 in Bows
   990 | D:2      | Reached skill level 1 in Crossbows
   990 | D:2      | Reached skill level 1 in Stealth
   990 | D:2      | Reached skill level 1 in Shields
   990 | D:2      | Reached skill level 1 in Unarmed Combat
   990 | D:2      | Reached skill level 1 in Invocations
   990 | D:2      | Reached skill level 1 in Evocations
  1208 | D:1      | Reached XP level 4. HP: 14/38 MP: 11/11
  1721 | D:2      | Reached skill level 1 in Conjurations
  1721 | D:2      | Reached skill level 1 in Hexes
  1721 | D:2      | Reached skill level 1 in Summonings
  1721 | D:2      | Reached skill level 1 in Necromancy
  1721 | D:2      | Reached skill level 1 in Transmutations
  1721 | D:2      | Reached skill level 1 in Fire Magic
  1721 | D:2      | Reached skill level 1 in Ice Magic
  1721 | D:2      | Reached skill level 1 in Air Magic
  1721 | D:2      | Reached skill level 1 in Earth Magic
  1721 | D:2      | Reached skill level 1 in Poison Magic
  1975 | D:2      | Found a runed translucent door.
  1976 | D:2      | Noticed Crazy Yiuf
  1993 | D:2      | Killed Crazy Yiuf
  1994 | D:2      | Reached XP level 5. HP: 13/43 MP: 1/12
  2826 | D:3      | Noticed Terence
  2833 | D:3      | Killed Terence
  2882 | D:3      | Found an iron altar of Okawaru.
  2883 | D:3      | Found a bloodstained altar of Trog.
  2967 | D:3      | Reached XP level 6. HP: 50/50 MP: 13/13
  3076 | D:4      | Found Ytsa's Magic Scroll Emporium.
  3089 | D:4      | Bought a scroll of enchant armour for 82 gold pieces
  3101 | D:4      | Found a white marble altar of Elyvilon.
  3116 | D:4      | Reached skill level 5 in Fighting
  3116 | D:4      | Reached skill level 5 in Axes
  3116 | D:4      | Reached skill level 5 in Dodging
  3357 | D:4      | Got an ivory spear
  3358 | D:4      | Identified the +5 spear "Cutyinue" {protect, +Blink Int-4
                  | Dex+4} (You found it on level 4 of the Dungeon)
  3364 | D:4      | Found a radiant altar of Vehumet.
  3373 | D:4      | Found a sparkling altar of Nemelex Xobeh.
  3429 | D:4      | Reached XP level 7. HP: 56/56 MP: 15/15
  3810 | D:4      | Got a transparent dagger
  3811 | D:4      | Identified the +4 dagger "Jihud" {elec, rPois rF+ rC-} (You
                  | found it on level 4 of the Dungeon)
  4038 | D:5      | Entered Level 5 of the Dungeon
  4184 | D:5      | Found a shadowy altar of Dithmenos.
  4368 | D:5      | Gained mutation: You are frail. (-10% HP) [potion of
                  | mutation]
  4368 | D:5      | Gained mutation: Your spells are a little harder to cast,
                  | but a little more powerful. [potion of mutation]
  4368 | D:5      | Gained mutation: You possess an exceptional clarity of
                  | mind. [potion of mutation]
  4368 | D:5      | Gained mutation: Your flesh is heat resistant. (rF+)
                  | [potion of mutation]
  4486 | D:5      | Noticed Ijyb
  4494 | D:5      | Killed Ijyb
  4678 | D:6      | Noticed Blork the orc
  4689 | D:5      | Killed Blork the orc
  4690 | D:5      | Reached XP level 8. HP: 53/56 MP: 16/16
  5027 | D:6      | Noticed Pikel
  5034 | D:6      | Killed Pikel
  5035 | D:6      | Reached XP level 9. HP: 57/62 MP: 17/18
  5339 | D:6      | Noticed Edmund
  5361 | D:6      | Killed Edmund
  5724 | D:7      | Found a glowing golden altar of the Shining One.
  5756 | D:7      | Reached skill level 5 in Throwing
  5756 | D:7      | Reached skill level 5 in Armour
  5860 | D:7      | Found a staircase to the Ecumenical Temple.
  5867 | Temple   | Entered the Ecumenical Temple
  5950 | Temple   | Became a worshipper of Qazlal Stormbringer
  5993 | D:7      | Found a snail-covered altar of Cheibriados.
  6013 | D:7      | Noticed a two-headed ogre
  6033 | D:7      | Killed a two-headed ogre
  6034 | D:7      | Reached skill level 5 in Invocations
  6261 | D:7      | Found a shimmering altar of Xom.
  6392 | D:7      | Noticed Maggie
  6416 | D:7      | Killed Maggie
  6519 | D:7      | Reached XP level 10. HP: 64/69 MP: 20/20
  6803 | D:7      | Reached skill level 5 in Short Blades
  6803 | D:7      | Reached skill level 5 in Long Blades
  6803 | D:7      | Reached skill level 5 in Maces & Flails
  6803 | D:7      | Reached skill level 5 in Polearms
  6803 | D:7      | Reached skill level 5 in Staves
  6803 | D:7      | Reached skill level 5 in Slings
  6803 | D:7      | Reached skill level 5 in Bows
  6803 | D:7      | Reached skill level 5 in Crossbows
  6803 | D:7      | Reached skill level 5 in Stealth
  6803 | D:7      | Reached skill level 5 in Shields
  6803 | D:7      | Reached skill level 5 in Unarmed Combat
  6803 | D:7      | Reached skill level 5 in Evocations
  7158 | D:8      | Reached * piety under Qazlal
  7671 | D:8      | Found a basalt altar of Yredelemnul.
  9112 | D:10     | Entered Level 10 of the Dungeon
  9131 | D:10     | Noticed a two-headed ogre
  9241 | D:9      | Killed a two-headed ogre
  9506 | D:10     | Noticed Maurice
  9529 | D:10     | Paralysed by Maurice for 7 turns
  9545 | D:10     | Paralysed by something for 5 turns
  9554 | D:10     | Paralysed by something for 7 turns
  9565 | D:10     | Paralysed by something for 5 turns
  9638 | D:10     | Killed Maurice
  9798 | D:10     | Reached XP level 11. HP: 69/75 MP: 14/22
  9799 | D:10     | Reached ** piety under Qazlal
 10232 | D:10     | Found a staircase to the Orcish Mines.
 10251 | D:10     | Reached skill level 5 in Conjurations
 10251 | D:10     | Reached skill level 5 in Hexes
 10251 | D:10     | Reached skill level 5 in Summonings
 10251 | D:10     | Reached skill level 5 in Necromancy
 10251 | D:10     | Reached skill level 5 in Transmutations
 10251 | D:10     | Reached skill level 5 in Fire Magic
 10251 | D:10     | Reached skill level 5 in Ice Magic
 10251 | D:10     | Reached skill level 5 in Air Magic
 10251 | D:10     | Reached skill level 5 in Earth Magic
 10251 | D:10     | Reached skill level 5 in Poison Magic
 10267 | D:10     | Found a blossoming altar of Fedhas.
 10269 | D:10     | Noticed an oklob plant
 10269 | D:10     | Noticed an oklob plant
 10274 | D:10     | Killed an oklob plant
 10791 | D:10     | Killed an oklob plant
 10910 | D:11     | Noticed a two-headed ogre
 10953 | D:10     | Killed a two-headed ogre
 11230 | D:11     | Found a staircase to the Lair.
 11277 | D:11     | Identified a scroll of acquirement
 11277 | D:11     | Acquired 909 gold pieces
 11434 | D:11     | Noticed a red ugly thing
 11477 | D:11     | Killed a red ugly thing
 12205 | D:12     | Noticed a death knight
 12205 | D:12     | Noticed a two-headed ogre
 12219 | D:11     | Killed a two-headed ogre
 12220 | D:11     | Reached XP level 12. HP: 49/84 MP: 12/24
 12462 | D:12     | Noticed a two-headed ogre
 12847 | D:12     | Slain by a death knight

Illustrated notes

Levels and vault maps discovered:
D:1:      shiori_arrival_whats_in_store_for_you, layout_rooms
D:2:      layout_rooms, uniq_crazy_yiuf_cottage, uniq_jessica
D:3:      layout_basic, gammafunk_temple_overflow_pools, uniq_terence
D:4:      layout_loops_ring, amethyst_overflow_temple_binary, serial_rivers,
          chequers_serial_rivers_small_a, chequers_serial_rivers_micro_e,
          chequers_serial_rivers_room_b, chequers_serial_rivers_small_b,
          serial_shops, nicolae_shop_temple_entry_statues_fountains,
          elyvilon_altar_5
D:5:      layout_rooms, general_overflow_altar, uniq_ijyb
D:6:      layout_basic, uniq_blork_the_orc, uniq_pikel, uniq_edmund
D:7:      layout_basic, xom_teletrap_fun, overflow_temple_1_default,
          lemuel_round_altar, minmay_temple_entry_junction,
          minmay_fire_ice_demons, uniq_maggie
D:8:      layout_loops_cross, nicolae_overflow_hidden_temple
D:9:      layout_long_grid
D:10:     old_forge, layout_basic, orc_0_dummy, interstate_on_off,
          chequers_jeans, hangedman_tree_tricks, uniq_maurice
D:11:     layout_stronghold, lair_entry_dummy
D:12:     layout_loops_ring, enter_bailey_4
Temple:   nicolae_temple_figure_eight

Skill      XL: |  1  2  3  4  5  6  7  8  9 10 11 12 |
---------------+-------------------------------------+-----
Spellcasting   | 5 6 7 8 |  8.7
Short Blades   | 1 2 3 4 5 6 7 |  7.0
Long Blades    | 1 2 3 4 5 6 7 |  7.0
Maces & Flails | 1 2 3 4 5 6 7 |  7.0
Polearms       | 1 2 3 4 5 6 7 |  7.0
Staves         | 1 2 3 4 5 6 7 |  7.0
Slings         | 1 2 3 4 5 6 7 |  7.0
Bows           | 1 2 3 4 5 6 7 |  7.0
Crossbows      | 1 2 3 4 5 6 7 |  7.0
Stealth        | 1 2 3 4 5 6 7 |  7.0
Shields        | 1 2 3 4 5 6 7 |  7.0
Unarmed Combat | 1 2 3 4 5 6 7 |  7.0
Invocations    | 1 2 3 4 5 6 7 |  7.7
Evocations     | 1 2 3 4 5 6 7 |  7.0
Conjurations   | 1 2 3 4 5 |  5.8
Hexes          | 1 2 3 4 5 |  5.8
Summonings     | 1 2 3 4 5 |  5.8
Necromancy     | 1 2 3 4 5 |  5.8
Transmutations | 1 2 3 4 5 |  5.8
Fire Magic     | 1 2 3 4 5 |  5.8
Ice Magic      | 1 2 3 4 5 |  5.8
Air Magic      | 1 2 3 4 5 |  5.8
Earth Magic    | 1 2 3 4 5 |  5.8
Poison Magic   | 1 2 3 4 5 |  5.8
Throwing       | 3 4 5 6 7 |  7.5
Armour         | 3 4 5 6 7 |  7.5
Fighting       | 5 6 7 8 |  8.5
Axes           | 5 6 7 8 |  8.5
Dodging        | 5 6 7 8 |  8.5
Translocations | 6 7 8 |  8.1

Action                   |  1- 3 |  4- 6 |  7- 9 | 10-12 || total
-------------------------+-------+-------+-------+-------++-------
Melee: Hand axe          |    88 |    45 |       |       ||   133
       Bite              |     8 |    10 |    26 |    58 ||   102
       Quarterstaff      |       |    61 |   191 |   402 ||   654
Throw: Stone             |    28 |     5 |       |       ||    33
       Boomerang         |       |    12 |    33 |    23 ||    68
 Cast: Gell's Gravitas   |       |    13 |    13 |    25 ||    51
       Blink             |       |       |     2 |     8 ||    10
Invok: Upheaval          |       |       |       |     2 ||     2
Evoke: Wand              |       |       |       |     7 ||     7
       Lightning rod     |       |       |       |     2 ||     2
  Use: Scroll            |     2 |     9 |     4 |    11 ||    26
       Potion            |       |     1 |     4 |     4 ||     9
 Stab: Sleeping          |       |     2 |     1 |       ||     3
       Confused          |       |     1 |     1 |     3 ||     5
       Paralysed         |       |       |     1 |     3 ||     4
       Petrifying        |       |       |       |     2 ||     2
Armor: Leather armour    |    25 |    21 |       |       ||    46
       Ring mail         |       |     6 |    69 |   185 ||   260
Dodge: Dodged            |    56 |    84 |   136 |   279 ||   555
Block: Other             |       |       |       |    37 ||    37
